 Dungeon Crawl Stone Soup version 0.20.0-3-g22ec75f (webtiles) character file.

93 Kosschaser the Shield-Bearer (level 4, -1/29 HPs)
             Began as a Gargoyle Fighter on May 27, 2017.
             Killed from afar by an orc wizard (4 damage)
             ... with a puff of flame
             ... on level 3 of the Dungeon.
             The game lasted 00:03:32 (1810 turns).

Kosschaser the Shield-Bearer (Gargoyle Fighter)     Turns: 1810, Time: 00:03:32

Health: -1/29      AC: 10    Str: 20    XL:     4   Next: 61%
Magic:  4/4        EV: 12    Int:  9    God:
Gold:   134        SH:  9    Dex: 14    Spells: 3/3 levels left

rFire    + . .     SeeInvis .   a - +0 flail
rCold    + . .     Gourm    .   c - +0 shield
rNeg     + . .     Faith    .   b - +0 scale mail
rPois    ∞         Spirit   .   (no helmet)
rElec    +         Reflect  .   e - scarf {rC+ rF+}
rCorr    .         Harm     .   (no gloves)
MR       .....                  (no boots)
Stlth    +.........             (no amulet)
Regen    0.1/turn               i - ring of wizardry
MPRegen  0.1/turn               (no ring)

@: agile
A: negative energy resistance 1, electricity resistance, unbreathing,
petrification resistance, rot immunity, AC +3
a: no special abilities


You were on level 3 of the Dungeon.
You were not hungry.

You visited 1 branch of the dungeon, and saw 3 of its levels.

You collected 134 gold pieces.

Inventory:

Hand Weapons
 a - a +0 flail (weapon)
Armour
 b - a +0 scale mail (worn)
 c - a +0 shield (worn)
 e - a scarf of resistance (worn)
Jewellery
 i - a ring of wizardry (left hand)
Scrolls
 h - a scroll of fog {unknown}
 l - a scroll of enchant weapon {unknown}
 n - 2 scrolls of amnesia {unknown}
 o - 3 scrolls of identify {unknown}
 r - a scroll of remove curse {unknown}
Potions
 d - 2 potions of might
 g - a potion of mutation {unknown}
 j - a potion of lignification {unknown}
 k - a potion of invisibility {unknown}
 m - a potion of curing {unknown}
 s - a potion of agility
 t - a potion of degeneration {unknown}
 u - a potion of heal wounds {unknown}
 v - a potion of flight {unknown}
Comestibles
 f - 2 bread rations
 p - a royal jelly
 q - a meat ration


   Skills:
 + Level 3.7 Fighting
 + Level 2.9 Maces & Flails
 + Level 3.9 Armour
 + Level 0.5 Dodging
 + Level 0.8 Stealth
 + Level 4.0 Shields


You had 3 spell levels left.
You didn't know any spells.

Dungeon Overview and Level Annotations

Branches:
Dungeon (3/15)

Altars:
Nemelex Xobeh


Innate Abilities, Weirdness & Mutations

You are resistant to torment.
Your stone body is resilient. (AC +3)
You are immune to poison.
You resist negative energy. (rN+)
You are resistant to electric shocks. (rElec)
You can survive without breathing.
You are immune to petrification.
You are immune to rotting.


Message History

A puff of flame appears from out of thin air!
The puff of flame misses you. You block the orc's attack.
You sock the orc priest!
The orc priest is severely wounded.
The orc priest closely misses you.
You hear some strange, mumbled words.
Something tries to affect you, but you resist.
You block the orc's attack.
You closely miss the orc priest.
The orc priest is severely wounded.
You hear some strange, mumbled words.
A puff of flame appears from out of thin air!
The puff of flame hits you! You resist.
* * * LOW HITPOINT WARNING * * *
The orc hits you but does no damage.
The orc priest hits you but does no damage.
You hear some strange, mumbled words.
A puff of flame appears from out of thin air!
The puff of flame hits you! You resist.
You die...

#........#####.##.#......#.#<))..
#........#...#.##.#####..#.#..###
#..⌠.⌠...#...#.##.. #..#.#..#..
#..._....#...#..### #.......#.#
###⌠.⌠####...##.## #.####.....
#..## #...# ..# ### ####.#
###.######...###.####... #.#
.......................# #.#
.###############@.####= #.# .#
......{oo.....# #.# .#
..............# #.# .#
.........)....# .# .#
..............# .#
............... .#
.............## .# #########..###
##


You could see an orc priest and an orc.

Vanquished Creatures
  An orc wizard (D:3)
  An adder (D:3)
  2 worms
  A dart slug (D:2)
  A leopard gecko (D:1)
  3 orcs (D:3)
  A ball python (D:2)
  A giant cockroach (D:1)
  12 goblins
  6 hobgoblins
  7 bats
  4 kobolds
  4 rats
44 creatures vanquished.

Notes
Turn   | Place    | Note
-------+----------+-------------------------------------------
     0 | D:1      | Kosschaser the Gargoyle Fighter began the quest for the Orb.
     0 | D:1      | Reached XP level 1. HP: 14/14 MP: 1/1
   137 | D:1      | Reached XP level 2. HP: 19/19 MP: 2/2
   638 | D:2      | Reached XP level 3. HP: 23/23 MP: 3/3
  1523 | D:3      | Reached XP level 4. HP: 15/29 MP: 4/4
  1666 | D:3      | Found a faded altar of an unknown god.
  1752 | D:3      | Reached skill level 4 in Shields
  1775 | D:3      | Found a sparkling altar of Nemelex Xobeh.
  1810 | D:3      | Killed from afar by an orc wizard

Skill      XL: |  1  2  3  4 |
---------------+-------------+-----
Shields        | 4 |  4.0
Fighting       | |  3.7
Maces & Flails | |  2.9
Armour         | |  3.9
Dodging        | |  0.5
Stealth        | |  0.8

Action                   |  1- 3 |  4- 6 || total
-------------------------+-------+-------++-------
Melee: Flail             |   134 |    42 ||   176
  Use: Potion            |       |     1 ||     1
  Eat: Chunk             |     1 |     2 ||     3
Armor: Scale mail        |    77 |    27 ||   104
Dodge: Dodged            |    52 |    25 ||    77
Block: Shield            |    76 |    22 ||    98
